 Dungeon Crawl Stone Soup version 0.27-a0-498-g7ecbb0a48f (webtiles) character file.

Game seed: 11272966617968457334

446 siradein the Chucker (level 6, -6/48 HPs)
             Began as a Draconian Brigand on Mar 2, 2021.
             Mangled by a centaur (10 damage)
             ... on level 5 of the Dungeon.
             The game lasted 00:08:35 (4161 turns).

siradein the Chucker (Draconian Brigand)            Turns: 4161, Time: 00:08:35

Health: -6/48      AC:  9    Str: 17    XL:     6   Next: 73%
Magic:  6/6        EV: 12    Int: 11    God:
Gold:   258        SH:  0    Dex: 20    Spells: 5/5 levels left

rFire    . . .     SeeInvis .   u - +0 rapier
rCold    . . .     Faith    .   (no shield)
rNeg     . . .     Spirit   .   (armour unavailable)
rPois    .         Reflect  .   (helmet restricted)
rElec    .         Harm     .   b - +0 cloak
rCorr    .         Rampage  .   t - +1 pair of gloves {Str+3}
Will     +....                  (no boots)
Stlth    ++++......             (no amulet)
HPRegen  0.16/turn              e - ring of Dim Light {Will+ Dex+6 Stlth+}
MPRegen  0.10/turn              (no ring)

@: no status effects
A: unfitting armour, cold-blooded, AC +6
a: no special abilities


You were on level 5 of the Dungeon.
You visited 1 branch of the dungeon, and saw 5 of its levels.

You collected 258 gold pieces.

Inventory:

Hand Weapons
 a - a +2 dagger
 u - a +0 rapier (weapon)
Missiles
 c - 25 poisoned darts (quivered)
 d - 2 curare-tipped darts
 f - 113 stones
 i - 37 sling bullets
 m - 34 arrows
 v - 11 bolts
Armour
 b - a +0 cloak (worn)
 t - a +1 pair of gloves of strength (worn)
Jewellery
 e - the ring of Dim Light (left hand) {Will+ Dex+6 Stlth+}
   (You found it on level 4 of the Dungeon)

   [ring of dexterity]

   It affects your dexterity (+6).
   It affects your willpower, your defense against some magical effects.
   It makes you more stealthy.
Wands
 s - a wand of polymorph (12)
Scrolls
 g - 2 scrolls of immolation
 j - 3 scrolls of teleportation
 k - 2 scrolls of magic mapping
 p - a scroll of amnesia
 w - a scroll of fear
Potions
 h - 2 potions of curing
 l - a potion of invisibility {unknown}
 n - 2 potions of heal wounds {unknown}
 o - 3 potions of ambrosia {unknown}
 q - a potion of flight {unknown}
 r - 2 potions of cancellation {unknown}


   Skills:
 - Level 2.1 Fighting
 - Level 2.0 Short Blades
 + Level 6.7 Throwing
 - Level 0.8 Dodging
 - Level 3.6 Stealth


You had 5 spell levels left.
You didn't know any spells.
Your spell library was empty.

Dungeon Overview and Level Annotations

Branches:
Dungeon (5/15)             Temple (0/1) D:5

Altars:
Trog


Innate Abilities, Weirdness & Mutations

Your plain brown scales are hard. (AC +6)
You cannot fit into any form of body armour.
You are cold-blooded and may be slowed by cold attacks.


Message History

Here: a centaur, quivering arrows
Items here: a +0 mace; a +0 scale mail.
The floor, spattered with blood.
You feel better.
The centaur hits you but does no damage.
You hit the centaur.
You tail-slap the centaur, but do no damage.
The centaur is moderately wounded.
The centaur closely misses you. The centaur hits you.
* * * LOW HITPOINT WARNING * * *
You hit the centaur but do no damage.
The centaur is moderately wounded.
The centaur closely misses you. x2
You hit the centaur.
The centaur is moderately wounded.
The centaur barely misses you.
You hit the centaur but do no damage.
The centaur is moderately wounded.
The centaur hits you but does no damage. x2
You hit the centaur.
The centaur is heavily wounded.
The centaur closely misses you. x2
You hit the centaur.
The centaur is heavily wounded.
The centaur hits you but does no damage.
You barely miss the centaur.
The centaur is heavily wounded.
The centaur misses you.
The centaur hits you but does no damage.
You hit the centaur.
Your tail-slap misses the centaur.
The centaur is severely wounded.
The centaur closely misses you. The centaur hits you.
* * * LOW HITPOINT WARNING * * *
You hit the centaur.
The centaur is severely wounded.
The centaur hits you but does no damage.
You hit the centaur but do no damage.
The centaur is severely wounded.
The centaur hits you!
You die...

#.....## ###...#
#..
#.....####..†.##
..
#.............#
. #...$........#
##...#.####..#
##.†.## ####
#..## ##.# #@#
##c# #..#
....(...#
.......>#
......### ......
...... .#####


You could see a centaur.

Vanquished Creatures
  2 ogres (D:4)
  The ghost of Zekkers the Slasher, a weakling TeBe of Trog (D:4)
  A hound (D:4)
  An orc priest (D:5)
  A hound skeleton (D:2)
  5 adders
  A gnoll (D:1)
  A howler monkey skeleton (D:4)
  An adder skeleton (D:4)
  2 worms
  3 dart slugs
  3 leopard geckos
  A ball python (D:4)
  8 bats
  4 giant cockroaches
  8 goblins
  12 hobgoblins
  5 jackals
  A quokka (D:2)
  14 frilled lizards
  9 kobolds
  18 rats
102 creatures vanquished.

Vanquished Creatures (others)
  8 plants (D:1)
8 creatures vanquished.

Grand Total: 110 creatures vanquished

Notes
Turn   | Place    | Note
-------+----------+-------------------------------------------
     0 | D:1      | siradein the Draconian Brigand began the quest for the Orb.
     0 | D:1      | Reached XP level 1. HP: 17/17 MP: 1/1
    50 | D:1      | Reached skill level 2 in Throwing
   357 | D:1      | Reached XP level 2. HP: 24/24 MP: 2/2
   535 | D:1      | Reached skill level 3 in Throwing
   692 | D:1      | Reached XP level 3. HP: 29/29 MP: 3/3
  1144 | D:2      | Reached XP level 4. HP: 28/36 MP: 4/4
  1229 | D:2      | Reached skill level 4 in Throwing
  1250 | D:2      | Found a bloodstained altar of Trog.
  2446 | D:3      | Reached XP level 5. HP: 35/41 MP: 5/5
  2822 | D:4      | Noticed an ogre
  2843 | D:4      | Noticed an ogre
  2897 | D:4      | Reached skill level 5 in Throwing
  2998 | D:4      | Found a runed translucent gate.
  2998 | D:4      | Found a runed translucent gate.
  2998 | D:4      | Found a runed translucent gate.
  2999 | D:4      | Noticed Zekkers's ghost (weakling TeBe)
  3245 | D:4      | Killed an ogre
  3246 | D:4      | Reached XP level 6. HP: 34/48 MP: 6/6
  3454 | D:4      | Identified the ring of Dim Light {Will+ Dex+6 Stlth+}
  3576 | D:4      | Reached skill level 6 in Throwing
  4003 | D:4      | Killed Zekkers's ghost
  4073 | D:5      | Entered Level 5 of the Dungeon
  4121 | D:5      | Found a staircase to the Ecumenical Temple.
  4161 | D:5      | Mangled by a centaur

Illustrated notes

Levels and vault maps discovered:
D:1:      dpeg_arrival_long_road, layout_basic, wad_floor_pattern_1,
          minmay_lizard_king
D:2:      minmay_spotlight, layout_basic, general_overflow_altar
D:3:      layout_rooms
D:4:      layout_loops_ring, ebering_ghost_rock_garden
D:5:      layout_layer_cave, minmay_temple_entry_proselytizer,
          gammafunk_ghost_nasty_kobolds, serial_shops, shop_statue,
          hangedman_decor_growths

Skill      XL: |  1  2  3  4  5  6 |
---------------+-------------------+-----
Throwing       | 2 3 4 5 6 |  6.7
Fighting       | |  2.1
Short Blades   | |  2.0
Dodging        | |  0.8
Stealth        | |  3.6

Action                   |  1- 3 |  4- 6 || total
-------------------------+-------+-------++-------
Melee: Dagger            |   117 |   180 ||   297
       Tailslap          |    12 |    38 ||    50
       Rapier            |       |    86 ||    86
  Use: Scroll            |       |     7 ||     7
       Potion            |       |     2 ||     2
 Stab: Sleeping          |    10 |    12 ||    22
Armor: Skin              |    36 |   108 ||   144
Dodge: Dodged            |    64 |   149 ||   213

Table legend: (Time is in decaauts)
 A = Elapsed time spent in this place.
 B = Non-inter-level travel time spent in this place.
 C = Inter-level travel time spent in this place.
 D = Time resting spent in this place.
 E = Time spent auto-exploring this place.
 F = Levels seen in this place.
 G = Mean time per level.
                   A        B        C        D        E       F      G
               +--------+--------+--------+--------+--------+-----+--------+
         Total |   4139 |   4090 |     49 |     42 |   3052 |   5 |  827.8 |
       Dungeon |   4139 |   4090 |     49 |     42 |   3052 |   5 |  827.8 |
               +--------+--------+--------+--------+--------+-----+--------+

Top non-repeatable levels by time:
     D:4: 1241 daAuts
     D:2: 1097 daAuts
     D:1: 1020 daAuts
     D:3: 689 daAuts
     D:5: 90 daAuts
